 Dungeon Crawl Stone Soup version 0.21.1-1-g345015f (webtiles) character file.

224 Lurcharcal the Ruffian (level 5, -10/40 HPs)
             Began as a Draconian Transmuter on May 28, 2018.
             Killed by divine providence
             ... invoked by an orc priest
              (12 damage)
             ... on level 4 of the Dungeon.
             The game lasted 00:25:42 (2608 turns).

Lurcharcal the Ruffian (Draconian Transmuter)       Turns: 2608, Time: 00:25:42

Health: -10/40     AC:  6    Str: 13    XL:     5   Next: 67%
Magic:  6/9        EV: 12    Int: 14    God:
Gold:   138        SH:  0    Dex: 11    Spells: 2/10 levels left

rFire    . . .     SeeInvis .     - Unarmed
rCold    . . .     Gourm    .   (no shield)
rNeg     . . .     Faith    .   (armour unavailable)
rPois    .         Spirit   .   (helmet restricted)
rElec    .         Reflect  .   (no cloak)
rCorr    .         Harm     .   i - +0 pair of gloves
MR       .....                  (boots currently unavailable)
Stlth    +.........             (no amulet)
HPRegen  0.13/turn              j - ring of wizardry
MPRegen  0.11/turn              (no ring)

@: appendage (expiring)
A: unfitting armour, talons 3, cold-blooded, AC +5
a: End Transformation


You were on level 4 of the Dungeon.
You were hungry.
You had grown temporary talons.
You visited 1 branch of the dungeon, and saw 4 of its levels.

You collected 138 gold pieces.

Inventory:

Missiles
 a - 23 arrows
Armour
 i - a +0 pair of gloves (worn)
Jewellery
 j - a ring of wizardry (left hand)
Scrolls
 h - a scroll of amnesia
 k - a scroll of remove curse
 l - a scroll of enchant weapon
 m - 2 scrolls of teleportation
Potions
 d - 2 potions of magic
 e - 2 potions of brilliance
 g - a potion of agility {unknown}
 n - a potion of curing {unknown}
Books
 b - a book of Changes

   Spells                             Type                      Level
   a - Beastly Appendage              Transmutation                1
   b - Sticks to Snakes               Transmutation                2
   c - Spider Form                    Transmutation/Poison         3
   d - Ice Form                       Ice/Transmutation            4
   e - Blade Hands                    Transmutation                5
Comestibles
 c - 7 rations
 f - 3 chunks of flesh


   Skills:
 + Level 1.5 Fighting
 + Level 2.6 Dodging
 + Level 4.4 Unarmed Combat
 + Level 3.2 Spellcasting
 * Level 3.2 Transmutations


You had 2 spell levels left.
You knew the following spells:

 Your Spells              Type           Power        Failure   Level  Hunger
a - Beastly Appendage     Tmut           ##....       2%          1    #......
b - Sticks to Snakes      Tmut           ##......     3%          2    ##.....
c - Blade Hands           Tmut           ##........   50%         5    ######.


Dungeon Overview and Level Annotations

Branches:
Dungeon (4/15)
 Temple: D:4-7

Altars:
Ashenzari
Cheibriados
Fedhas
Yredelemnul


Innate Abilities, Weirdness & Mutations

Your plain brown scales are hard. (AC +5)
You cannot fit into any form of body armour.
You are cold-blooded and may be slowed by cold attacks.
You have claws for feet.


Message History

* * * LOW HITPOINT WARNING * * *
The adder barely misses you.
As you read the scroll of teleportation, it crumbles to dust.
You feel strangely unstable. The adder bites you but does no damage.
The orc hits you but does no damage.
You swap places.
Your ball python barely misses the orc.
Your ball python grabs the orc.
Your ball python constricts the orc.
The adder bites your ball python.
Your ball python dies!
Your surroundings suddenly seem different. 2 orcs and an orc priest come into view.
Casting: Sticks to Snakes
Confirm with . or Enter, or press ? or * to list all spells.
You create a snake!
You now have 23 arrows.
Your transformation is almost over.
The orc priest shouts!
The orc shouts!
The orc moves out of view.
The orc priest invokes the aid of Beogh against you.
Beogh smites you!
You die... ############. #...@...So.o. #.#########o.

You could see an orc priest, 2 orcs and a friendly adder.

Vanquished Creatures
  A scorpion (D:2)
  An orc wizard (D:4)
  A centaur skeleton (D:3)
  Robin (D:2)
  A gnoll (D:1)
  2 adders
  An ooze (D:3)
  2 dart slugs (D:1)
  4 leopard geckos
  3 giant cockroaches
  9 goblins
  14 hobgoblins
  7 kobolds
  A ball python (D:2)
  8 bats
  A frilled lizard (D:1)
  4 rats
  A bush (D:3)
62 creatures vanquished.

Vanquished Creatures (collateral kills)
  3 orcs (D:3)
  A goblin (D:2)
4 creatures vanquished.

Grand Total: 66 creatures vanquished

Notes
Turn   | Place    | Note
-------+----------+-------------------------------------------
     0 | D:1      | Lurcharcal the Draconian Transmuter began the quest for the Orb.
     0 | D:1      | Reached XP level 1. HP: 16/16 MP: 3/3
    69 | D:1      | Found a snail-covered altar of Cheibriados.
   181 | D:1      | Reached XP level 2. HP: 23/23 MP: 3/5
   331 | D:1      | Learned a level 2 spell: Sticks to Snakes
   740 | D:1      | Reached XP level 3. HP: 28/28 MP: 6/6
  1136 | D:2      | Noticed a scorpion
  1156 | D:2      | Killed a scorpion
  1156 | D:2      | Reached skill level 4 in Unarmed Combat
  1156 | D:2      | Reached XP level 4. HP: 35/35 MP: 0/8
  1186 | D:2      | Found a shattered altar of Ashenzari.
  1273 | D:2      | Found a blossoming altar of Fedhas.
  1528 | D:2      | Noticed Robin
  1574 | D:2      | Killed Robin
  1908 | D:2      | You fall through a shaft!
  1914 | D:3      | Reached XP level 5. HP: 40/40 MP: 7/9
  2171 | D:3      | Found a basalt altar of Yredelemnul.
  2382 | D:3      | Learned a level 5 spell: Blade Hands
  2601 | D:4      | HP: 1/40 [orc priest/divine providence (12)]
  2608 | D:4      | Killed from afar by an orc priest

Skill      XL: |  1  2  3  4  5 |
---------------+----------------+-----
Dodging        | 2 |  2.6
Unarmed Combat | 4 |  4.4
Spellcasting   | 3 |  3.2
Transmutations | 3 |  3.2
Fighting       | |  1.5

Action                   |  1- 3 |  4- 6 || total
-------------------------+-------+-------++-------
Melee: Unarmed           |   108 |   173 ||   281
       Tailslap          |    15 |    27 ||    42
       Kick              |     8 |    32 ||    40
       Punch             |     1 |     3 ||     4
       Headbutt          |     1 |     8 ||     9
 Cast: Beastly Appendage |    12 |    21 ||    33
       Sticks to Snakes  |       |     5 ||     5
  Use: Scroll            |     5 |     5 ||    10
       Potion            |     2 |     1 ||     3
  Eat: Chunk             |     1 |     5 ||     6
Armor: Skin              |    36 |    40 ||    76
Dodge: Dodged            |    59 |    87 ||   146
